[Event "Titled Tuesday Blitz June 20 Early 2023"]
[White "Mendonca, Leon Luke"]
[Black "Silva Lucena, Cristian"]
[WhiteFideId "35028561"]
[BlackFideId "2232588"]
[WhiteElo "2464"]
[BlackElo "2223"]
[Result "1-0"]
[Round "2"]
[TimeControl "180+2"]
[Date "2023.06.20"]
[WhiteClock "0:01:46"]
[BlackClock "0:00:49"]
[Board "138"]

1. e4 c5 2. Nf3 e6 3. g3 Nc6 4. Bg2 Nf6 5. Qe2 d6 6. O-O Be7 7. c3 O-O 8. d4 cxd4 9. cxd4 e5 10. d5 Nb8 11. Nc3 Na6 12. Be3 Bg4 13. Rfc1 Rc8 14. h3 Bh5 15. Qb5 Nc5 16. Nd2 a6 17. Qf1 b5 18. b4 Ncd7 19. a4 Rc4 20. Nxc4 bxc4 21. Qxc4 Qb8 22. Qxa6 Qxb4 23. Qb5 Rb8 24. Qxb4 Rxb4 25. Rab1 Rc4 26. Bf1 Rc8 27. a5 Bf3 28. Bg2 Bxg2 29. Kxg2 h5 30. a6 Ra8 31. Ra1 Bd8 32. a7 Bb6 33. Bxb6 Nxb6 34. Nb5 Nxe4 35. Nc7 1-0


[Site "https://www.chess.com"]

[Event "Titled Tuesday Blitz June 20 Early 2023"]
[White "Vakhlamov, Igor L."]
[Black "Nikologorsky, Matfei"]
[WhiteFideId "24126748"]
[BlackFideId "24102474"]
[WhiteElo "2407"]
[BlackElo "2153"]
[Result "1-0"]
[Round "2"]
[TimeControl "180+2"]
[Date "2023.06.20"]
[WhiteClock "0:01:01"]
[BlackClock "0:00:15"]
[Board "139"]

1. e4 c5 2. Nf3 e6 3. Nc3 a6 4. d4 cxd4 5. Nxd4 Qc7 6. Bd3 Nc6 7. Nxc6 dxc6 8. O-O Nf6 9. f4 e5 10. fxe5 Ng4 11. Qf3 Bc5+ 12. Kh1 Nxe5 13. Qg3 O-O 14. Bh6 f6 15. Bf4 Be6 16. a3 Rad8 17. Rad1 Bd6 18. Ne2 Ng6 19. Bxd6 Qxd6 20. Bc4 Qxd1 21. Bxe6+ Kh8 22. Rxd1 Rxd1+ 23. Ng1 Ne5 24. h3 Re8 25. Bb3 c5 26. Bd5 b5 27. Kh2 Rd2 28. Qc3 Rd1 29. Qxc5 h6 30. Ne2 Rd2 31. Nf4 Kh7 32. Qc3 Rd1 33. Nd3 h5 34. Nxe5 Rxe5 35. Qc8 Rd2 36. Qg8+ Kh6 37. Bf7 Rxc2 38. Qh8+ Kg5 39. Qxg7+ Kf4 40. Qxf6+ Kxe4 41. Bg6+ Kd4 42. Bxc2 1-0


[Site "https://www.chess.com"]

[Event "Titled Tuesday Blitz June 20 Early 2023"]
[White "Oro, Faustino"]
[Black "Slavin, Alexey"]
[WhiteFideId "20000197"]
[BlackFideId "24104388"]
[WhiteElo "1984"]
[BlackElo "2264"]
[Result "0-1"]
[Round "2"]
[TimeControl "180+2"]
[Date "2023.06.20"]
[WhiteClock "0:00:02"]
[BlackClock "0:00:29"]
[Board "140"]

1. Nf3 Nc6 2. e4 d6 3. d4 Nf6 4. Nc3 Bg4 5. Be2 e5 6. d5 Ne7 7. h3 Bd7 8. O-O Ng6 9. Be3 Be7 10. Qd2 O-O 11. Rad1 a6 12. Bd3 Nh5 13. Ne2 h6 14. g4 Nf6 15. Ng3 Nh7 16. Nf5 Bxf5 17. gxf5 Nf4 18. Bxf4 exf4 19. Qxf4 Ng5 20. Nxg5 Bxg5 21. Qg3 Bf6 22. c3 Kh8 23. f4 Re8 24. Rde1 Bh4 25. Qh2 Bxe1 26. Rxe1 c6 27. c4 Qb6+ 28. Kh1 Qd4 29. Qe2 f6 30. Rg1 Re7 31. Qf3 Rae8 32. b3 cxd5 33. cxd5 b5 34. Bb1 Rc8 35. Qg4 Qf2 36. Qg3 Qxg3 37. Rxg3 Rc1+ 38. Rg1 Rxg1+ 39. Kxg1 Rc7 40. Kf2 Rc1 41. Bd3 Ra1 42. Ke3 Rxa2 43. e5 fxe5 44. fxe5 Kg8 45. exd6 Kf7 46. Kd4 Rd2 47. Kc3 Rd1 48. Be4 Ke8 49. Kb4 Kd7 50. Kc5 Rc1+ 51. Kb6 Kxd6 52. Kxa6 Re1 53. Bf3 b4 54. Kb5 Re3 55. Bd1 Rxh3 56. Kxb4 Kxd5 57. Kb5 Rd3 58. Bc2 Rc3 59. Bd1 Rc8 60. b4 Rb8+ 61. Ka5 Kc4 62. Be2+ Kd5 63. b5 Kc5 64. Ka6 Ra8+ 65. Kb7 Ra2 66. Bd3 Rd2 67. Bf1 Rf2 68. Bd3 Rf3 69. Be4 Rf4 70. Bd3 Kd4 71. Be2 Rxf5 72. b6 g5 73. Ka7 Rf8 74. Bh5 Ke3 75. b7 Kf4 76. Be2 g4 77. Bb5 Rd8 78. Ka6 Rb8 79. Bd7 h5 80. Ka7 Rxb7+ 81. Kxb7 h4 82. Kc6 h3 83. Kc5 h2 84. Bc6 Ke3 85. Kc4 Kf2 86. Kd3 g3 0-1


[Site "https://www.chess.com"]

[Event "Titled Tuesday Blitz June 20 Early 2023"]
[White "Lopez Del Alamo, Antonio"]
[Black "Kim, Yoon-Young"]
[WhiteFideId "2227339"]
[BlackFideId "30908779"]
[WhiteElo "2175"]
[BlackElo "2217"]
[Result "0-1"]
[Round "2"]
[TimeControl "180+2"]
[Date "2023.06.20"]
[WhiteClock "0:00:52"]
[BlackClock "0:01:10"]
[Board "141"]

1. e4 e5 2. Bc4 Nf6 3. d4 exd4 4. Nf3 Nc6 5. O-O Nxe4 6. Nc3 Nd6 7. Re1+ Be7 8. Nd5 Nxc4 9. Bg5 f6 10. Bxf6 gxf6 11. Nxf6+ Kf7 12. Ng5+ Kxf6 13. Qh5 Qe8 14. Qh4 Kg6 15. Qe4+ Kxg5 16. Rad1 Qg6 17. Qd5+ Qf5 18. Qxc4 d5 19. Qf1 Bd6 20. g3 Bd7 21. f4+ Kg6 22. Qg2 Rae8 23. Rf1 Qe4 24. Qf2 Qe3 0-1


[Site "https://www.chess.com"]

[Event "Titled Tuesday Blitz June 20 Early 2023"]
[White "Nazari, Arad"]
[Black "Abduzhaparov"]
[WhiteFideId "12577324"]
[WhiteElo "2175"]
[BlackElo "2383"]
[Result "1-0"]
[Round "2"]
[TimeControl "180+2"]
[Date "2023.06.20"]
[WhiteClock "0:00:09"]
[BlackClock "0:00:08"]
[Board "142"]

1. e4 d6 2. d4 Nf6 3. Nc3 e5 4. dxe5 dxe5 5. Qxd8+ Kxd8 6. Bc4 Ke8 7. Nf3 Bd6 8. Bg5 Nbd7 9. O-O-O a6 10. Rhe1 h6 11. Bh4 g5 12. Bg3 Nh5 13. Nd2 Nf4 14. Bxf4 gxf4 15. g3 fxg3 16. hxg3 Nb6 17. Bb3 Bg4 18. f3 Be6 19. Bxe6 fxe6 20. Rh1 Ke7 21. Rh5 Rag8 22. g4 Rg6 23. Rdh1 Bc5 24. Nd1 Kf7 25. Rxe5 Bd6 26. Reh5 Bf4 27. Nc3 Nc4 28. Nb1 Rd8 29. Rd1 e5 30. Rf5+ Ke7 31. Rxf4 Nxb2 32. Rf5 Nxd1 33. Kxd1 Rb6 34. Rxe5+ Kf6 35. Rf5+ Kg6 36. Kc1 Rbd6 37. Nc4 Rd1+ 38. Kb2 R8d4 39. Ne5+ Kg7 40. Nc3 Rb4+ 41. Ka3 Rdd4 42. Nd5 Ra4+ 43. Kb3 b5 44. Rf7+ Kh8 45. Nf6 Rab4+ 46. Kc3 Rbc4+ 47. Nxc4 Rxc4+ 48. Kd3 1-0


[Site "https://www.chess.com"]

[Event "Titled Tuesday Blitz June 20 Early 2023"]
[White "Danielyan, Vahe"]
[Black "Novikova, Galina"]
[WhiteFideId "13304828"]
[BlackFideId "4157095"]
[WhiteElo "2423"]
[BlackElo "1953"]
[Result "0-1"]
[Round "2"]
[TimeControl "180+2"]
[Date "2023.06.20"]
[WhiteClock "0:00:00"]
[BlackClock "0:00:20"]
[Board "143"]

1. e4 e6 2. d4 d5 3. Nc3 Bb4 4. e5 c5 5. Bd2 Bxc3 6. Bxc3 Ne7 7. Nf3 cxd4 8. Bxd4 Nbc6 9. Be2 O-O 10. O-O Nxd4 11. Nxd4 Nc6 12. c3 Nxe5 13. Qc2 Nc6 14. Nb3 b6 15. Rad1 Qf6 16. Bf3 Ne5 17. Be2 a5 18. Nd4 Ba6 19. f4 Nd7 20. Bxa6 Rxa6 21. f5 e5 22. Nb5 Qc6 23. a4 Nf6 24. Rfe1 Re8 25. Qe2 Raa8 26. g4 Qc5+ 27. Kg2 Ne4 28. c4 Nf6 29. g5 Nd7 30. Rxd5 Qc6 31. Rd1 Nc5 32. Kg1 Nxa4 33. Rxe5 Rxe5 34. Qxe5 Re8 35. Rd6 Qc8 36. Qd5 Nxb2 37. Rd7 Qc5+ 38. Qxc5 bxc5 39. Nd6 Rf8 40. Ra7 a4 41. f6 gxf6 42. gxf6 h5 43. Rxa4 Nxa4 0-1


[Site "https://www.chess.com"]

[Event "Titled Tuesday Blitz June 20 Early 2023"]
[White "sebastianmarinp"]
[Black "Fernandez Guillen, Ernesto J."]
[BlackFideId "3512428"]
[WhiteElo "2381"]
[BlackElo "2434"]
[Result "0-1"]
[Round "2"]
[TimeControl "180+2"]
[Date "2023.06.20"]
[WhiteClock "0:00:00"]
[BlackClock "0:01:13"]
[Board "144"]

1. e4 e5 2. Nf3 Nc6 3. Bb5 f5 4. Nc3 Nf6 5. Qe2 Qe7 6. Bxc6 bxc6 7. b3 fxe4 8. Nxe4 d5 9. Nxf6+ gxf6 10. Bb2 Bg7 11. O-O-O O-O 12. d3 a5 13. a4 Rb8 14. Rhg1 Re8 15. g4 Qb4 16. Nh4 c5 17. Nf5 Bxf5 18. gxf5 Qf4+ 19. Kb1 Qxf5 20. Qe3 d4 21. Qg3 Re7 22. Rde1 c4 23. dxc4 Rd7 24. Qg4 Qxg4 25. Rxg4 d3 26. Rg3 dxc2+ 27. Kxc2 Kf7 28. Rd1 Rxd1 29. Kxd1 h5 30. Kc2 Bh6 31. Bc3 Ra8 32. Rd3 Ke6 33. Rh3 Bf4 34. Rxh5 c5 35. h3 Rg8 36. Bxa5 Rg2 37. Bd8 Rxf2+ 38. Kb1 Rd2 39. Bb6 Be3 40. a5 Bd4 0-1


[Site "https://www.chess.com"]

[Event "Titled Tuesday Blitz June 20 Early 2023"]
[White "Veiga, Jose Francisco R P Neves"]
[Black "Osinovsky, Stepan"]
[WhiteFideId "1930087"]
[BlackFideId "4157354"]
[WhiteElo "2319"]
[BlackElo "2222"]
[Result "1-0"]
[Round "2"]
[TimeControl "180+2"]
[Date "2023.06.20"]
[WhiteClock "0:00:08"]
[BlackClock "0:00:00"]
[Board "145"]

1. c4 Nf6 2. Nc3 g6 3. g3 Bg7 4. Bg2 O-O 5. e4 e5 6. Nge2 d6 7. O-O Nbd7 8. d4 Re8 9. h3 a5 10. Be3 c6 11. Qc2 Qe7 12. Rad1 h5 13. a3 Nh7 14. b4 axb4 15. axb4 Ng5 16. f4 Ne6 17. d5 Nd4 18. Nxd4 exd4 19. Bxd4 Bxd4+ 20. Rxd4 c5 21. bxc5 Nxc5 22. Kh2 h4 23. g4 Ra3 24. Rf3 Bd7 25. Nb5 Rxf3 26. Bxf3 Bxb5 27. cxb5 Ra8 28. g5 Ra3 29. Bg2 f5 30. gxf6 Qxf6 31. e5 Qg7 32. Rc4 b6 33. exd6 Qf6 34. f5 g5 35. Qd2 Qxd6+ 36. Kg1 Ra1+ 37. Rc1 Rxc1+ 38. Qxc1 Qg3 39. d6 1-0


[Site "https://www.chess.com"]

[Event "Titled Tuesday Blitz June 20 Early 2023"]
[White "Gu, Xiaobing"]
[Black "Rahman, Masruri"]
[WhiteFideId "8602611"]
[BlackFideId "7101163"]
[WhiteElo "2174"]
[BlackElo "2256"]
[Result "0-1"]
[Round "2"]
[TimeControl "180+2"]
[Date "2023.06.20"]
[WhiteClock "0:00:00"]
[BlackClock "0:00:12"]
[Board "146"]

1. e4 e6 2. d4 d5 3. exd5 exd5 4. Nf3 Nc6 5. Bb5 Bd6 6. c4 a6 7. Bxc6+ bxc6 8. c5 Be7 9. Ne5 Bd7 10. Qa4 Qc8 11. O-O Nf6 12. Nxc6 Qb7 13. Na5 Bxa4 14. Nxb7 O-O 15. Na5 Rfe8 16. Nc3 Bd7 17. c6 Be6 18. Bf4 Bb4 19. Nb7 Bxc3 20. bxc3 Ne4 21. Rfc1 g5 22. Be3 h6 23. f3 Nf6 24. Bf2 Kh7 25. Rab1 Ng8 26. Nc5 Ne7 27. Rb7 Rec8 28. Bg3 Nxc6 29. Bxc7 Kg6 30. Re1 Bf5 31. a4 Kh7 32. Kf2 Bg6 33. Bg3 Na5 34. Rbe7 Nc4 35. h4 Nb2 36. hxg5 h5 37. f4 Rxc5 38. dxc5 Nd3+ 39. Kf1 Nxe1 40. Kxe1 Rc8 41. Bf2 Rb8 42. Ra7 Rb1+ 43. Ke2 Rb2+ 44. Ke3 Rc2 45. Rxa6 Rxc3+ 46. Kd4 Rc2 47. Be3 Rxg2 48. c6 Rc2 49. a5 h4 50. Kxd5 h3 51. Bd4 h2 52. Ra8 h1=Q+ 53. Kd6 Qxc6+ 54. Ke7 Qxa8 0-1


[Site "https://www.chess.com"]

[Event "Titled Tuesday Blitz June 20 Early 2023"]
[White "Topalov, Aleksandar"]
[Black "Lamard, Guillaume"]
[WhiteFideId "925659"]
[BlackFideId "600261"]
[WhiteElo "2151"]
[BlackElo "2413"]
[Result "0-1"]
[Round "2"]
[TimeControl "180+2"]
[Date "2023.06.20"]
[WhiteClock "0:00:03"]
[BlackClock "0:00:14"]
[Board "147"]

1. b3 d5 2. Bb2 Nf6 3. Nf3 Bf5 4. g3 e6 5. Bg2 h6 6. O-O Be7 7. d3 O-O 8. Nbd2 Bh7 9. e3 a5 10. a3 a4 11. b4 Nbd7 12. Rb1 c5 13. b5 Bd6 14. Qe2 e5 15. c4 d4 16. e4 Qc7 17. Bh3 Rae8 18. Nh4 g6 19. Bc1 Kh8 20. Ndf3 Ng8 21. Ne1 f5 22. f3 Qd8 23. Neg2 f4 24. Kh1 Ne7 25. Rg1 g5 26. Nf5 Nxf5 27. Bxf5 Rxf5 28. exf5 Bxf5 29. g4 Bg6 30. Re1 Nb6 31. Kg1 Nxc4 32. dxc4 Bxb1 33. Bxf4 Bg6 34. Bg3 Qf6 35. h4 Kg7 36. hxg5 hxg5 37. Qf2 b6 38. Rd1 Rf8 39. Ne1 e4 40. Bxd6 Qxd6 41. Qg2 Qf4 42. Qf2 e3 43. Qg2 Qf7 44. Nd3 Qxf3 45. Qxf3 Rxf3 46. Ne5 Rf2 47. Nd7 d3 48. Nxb6 e2 49. Re1 d2 0-1


[Site "https://www.chess.com"]

[Event "Titled Tuesday Blitz June 20 Early 2023"]
[White "Starozhilov, Leonid"]
[Black "Szente Varga, Fruzsina"]
[WhiteFideId "14106752"]
[BlackFideId "712264"]
[WhiteElo "2352"]
[BlackElo "1994"]
[Result "1/2-1/2"]
[Round "2"]
[TimeControl "180+2"]
[Date "2023.06.20"]
[WhiteClock "0:00:03"]
[BlackClock "0:00:07"]
[Board "148"]

1. e4 e5 2. Nf3 Nc6 3. Nc3 Nf6 4. a3 Be7 5. Bb5 d6 6. O-O O-O 7. h3 Be6 8. Bxc6 bxc6 9. d4 exd4 10. Nxd4 Qd7 11. Bg5 c5 12. Nde2 Rab8 13. b3 c4 14. b4 a5 15. b5 h6 16. Be3 c6 17. a4 d5 18. exd5 Nxd5 19. Nxd5 Bxd5 20. Nf4 Bf6 21. Rb1 Rfd8 22. Nxd5 cxd5 23. Bd4 Qf5 24. Qd2 Bxd4 25. Qxd4 Qxc2 26. Ra1 Qe4 27. Qxe4 dxe4 28. Rac1 Rd4 29. Rc3 f5 30. Rfc1 Rc8 31. g4 g6 32. b6 Kf7 33. gxf5 gxf5 34. b7 Rb8 35. Rxc4 Rxc4 36. Rxc4 Rxb7 37. Rc5 Kg6 38. Rxa5 Rb1+ 39. Kg2 Ra1 40. Ra8 f4 41. h4 Ra2 42. Kg1 e3 43. fxe3 fxe3 44. Kf1 Kh5 45. Re8 Rxa4 46. Rxe3 Kxh4 47. Re8 h5 48. Rg8 Ra2 49. Kg1 Kh3 50. Kf1 h4 51. Kg1 Ra3 52. Kf2 Rb3 53. Rg7 Rg3 54. Rh7 Rg4 55. Rh8 Kh2 56. Kf3 Ra4 57. Kf2 h3 58. Rg8 Ra7 59. Rg6 Rf7+ 60. Ke1 Rf3 61. Ke2 Rg3 62. Rf6 Kg1 63. Rf1+ Kh2 64. Rf5 Rg2+ 65. Kf1 Kh1 66. Rh5 h2 67. Rh8 Rg7 68. Rh6 Rf7+ 69. Ke2 Kg2 70. Rg6+ Kh3 71. Rh6+ Kg3 72. Rg6+ Kh3 73. Rh6+ Kg2 74. Rg6+ Kh1 75. Ke1 Rf5 76. Ke2 Rf4 77. Ke1 Rf7 78. Ke2 Rf8 79. Ke1 Ra8 80. Ke2 Ra2+ 81. Kf1 Ra1+ 82. Kf2 Rg1 83. Rh6 Rg5 84. Rh4 Rf5+ 85. Kg3 Kg1 86. Rxh2 Rg5+ 87. Kf4 Kxh2 88. Kxg5 1/2-1/2


[Site "https://www.chess.com"]

[Event "Titled Tuesday Blitz June 20 Early 2023"]
[White "Melikhov, Evgeny V."]
[Black "Anuj Shrivatri"]
[WhiteFideId "4122046"]
[BlackFideId "35070924"]
[WhiteElo "2158"]
[BlackElo "2298"]
[Result "0-1"]
[Round "2"]
[TimeControl "180+2"]
[Date "2023.06.20"]
[WhiteClock "0:00:14"]
[BlackClock "0:01:01"]
[Board "149"]

1. d4 Nf6 2. c4 c6 3. Nc3 d5 4. e3 e6 5. Nf3 Nbd7 6. Bd3 dxc4 7. Bxc4 b5 8. Bd3 Bb7 9. O-O Bd6 10. Qc2 O-O 11. h3 a6 12. e4 e5 13. Be3 Qc7 14. a3 Rfe8 15. b4 exd4 16. Nxd4 c5 17. Nf5 c4 18. Nxd6 Qxd6 19. Be2 Nxe4 20. Rad1 Qe6 21. Nxe4 Bxe4 22. Qd2 Nf6 23. Qd6 Nd5 24. Qxe6 Rxe6 25. Bc5 Nf4 26. Bg4 f5 27. f3 Bd3 28. Rxd3 Nxd3 29. Bxf5 Re5 30. Be4 Rd8 31. Rd1 Kf7 32. Kf1 g6 33. Bb6 Rd7 34. Be3 h5 35. Ke2 h4 36. Bxd3 cxd3+ 37. Rxd3 Rxd3 38. Kxd3 Ke6 39. f4 Rd5+ 40. Ke4 Rd1 41. Bf2 Rd2 42. Ke3 Ra2 43. Bxh4 Rxg2 44. Bf2 Rh2 45. h4 Rh3+ 46. Ke4 Rxa3 47. Be3 Rb3 48. Bd2 Rb2 49. Kd3 Kf5 50. Be3 Rb3+ 0-1


[Site "https://www.chess.com"]

[Event "Titled Tuesday Blitz June 20 Early 2023"]
[White "Idani, Pouya"]
[Black "Ritvin, Stanislav"]
[WhiteFideId "12510130"]
[BlackFideId "2011751"]
[WhiteElo "2574"]
[BlackElo "2365"]
[Result "0-1"]
[Round "2"]
[TimeControl "180+2"]
[Date "2023.06.20"]
[WhiteClock "0:00:04"]
[BlackClock "0:00:31"]
[Board "150"]

1. e4 e5 2. Nf3 Nc6 3. Bb5 Nf6 4. d3 Bc5 5. Bxc6 dxc6 6. Nbd2 O-O 7. Nc4 Nd7 8. Ne3 f6 9. h4 Re8 10. h5 Bf8 11. Nh4 Nc5 12. Nhf5 Be6 13. Qg4 Kh8 14. Qe2 Bf7 15. g3 Ne6 16. Bd2 c5 17. Kf1 Qd7 18. Kg2 Rad8 19. b3 Nd4 20. Qd1 Be6 21. Nh4 b5 22. f4 c4 23. f5 Bf7 24. Ng6+ Kg8 25. Nxf8 Rxf8 26. h6 g5 27. fxg6 Bxg6 28. bxc4 bxc4 29. Nxc4 Qc6 30. Rh4 Rfe8 31. Kh2 f5 32. Bg5 Rd7 33. c3 Nb5 34. a4 Nxc3 35. Qb3 fxe4 36. Qxc3 Rxd3 37. Qb4 Rd4 38. Rc1 Bf7 39. Rg4 Qe6 40. Kh3 Bh5 0-1


[Site "https://www.chess.com"]

[Event "Titled Tuesday Blitz June 20 Early 2023"]
[White "Pacan-Milej, Kosma"]
[Black "Dwilewicz, Katarzyna"]
[WhiteFideId "21800537"]
[BlackFideId "1148486"]
[WhiteElo "2302"]
[BlackElo "2098"]
[Result "1-0"]
[Round "2"]
[TimeControl "180+2"]
[Date "2023.06.20"]
[WhiteClock "0:00:06"]
[BlackClock "0:00:00"]
[Board "151"]

1. d4 d5 2. c4 dxc4 3. e3 Nf6 4. Bxc4 e6 5. Nf3 c5 6. O-O a6 7. b3 Nc6 8. Bb2 b5 9. Be2 Bb7 10. a4 b4 11. Nbd2 Be7 12. Nc4 O-O 13. Nfe5 Nxe5 14. Nxe5 Nd5 15. Bf3 f6 16. Nc4 Rc8 17. e4 Nf4 18. g3 Nh3+ 19. Kg2 Ng5 20. dxc5 Bxc5 21. h4 Nxf3 22. Qxf3 f5 23. Kh2 Bxe4 24. Qf4 Qc7 25. Be5 Qf7 26. Rad1 Rfd8 27. Qg5 Be7 28. Qf4 h6 29. Bd6 Bf6 30. Rd2 g5 31. Qe3 Kh7 32. Be5 gxh4 33. Bxf6 Qxf6 34. Nd6 hxg3+ 35. fxg3 Rxd6 36. Rxd6 Rc2+ 37. Rd2 Qb2 38. Rdf2 Rxf2+ 39. Qxf2 Qxb3 40. g4 Qd3 41. gxf5 Qd6+ 42. Kg1 exf5 43. Qa7+ Kg6 44. Qe3 Qf6 45. Kf2 Qh4+ 46. Ke2 Qh5+ 47. Kd2 Qh2+ 48. Rf2 Qd6+ 49. Ke1 Qd5 50. Rf1 Qc6 51. Rg1+ Kf7 52. Qb3+ Bd5 53. Qxb4 Qe6+ 54. Kf2 Qe4 55. Qxe4 Bxe4 56. a5 Bd3 57. Rd1 Bb5 58. Rd6 h5 59. Kf3 Bc4 60. Kf4 Be6 61. Rxa6 h4 62. Rxe6 1-0


[Site "https://www.chess.com"]

[Event "Titled Tuesday Blitz June 20 Early 2023"]
[White "Florescu, Codrut-Constantin"]
[Black "arenal72"]
[WhiteFideId "1202200"]
[WhiteElo "2191"]
[BlackElo "2364"]
[Result "1-0"]
[Round "2"]
[TimeControl "180+2"]
[Date "2023.06.20"]
[WhiteClock "0:01:37"]
[BlackClock "0:00:14"]
[Board "152"]

1. e4 e6 2. d4 d5 3. Nc3 Nf6 4. Bg5 dxe4 5. Nxe4 Be7 6. Bxf6 gxf6 7. Nf3 f5 8. Nc3 a6 9. g3 b5 10. Bg2 Bb7 11. Nh4 Bxg2 12. Nxg2 c5 13. d5 b4 14. Na4 e5 15. Ne3 f4 16. Nc4 Nd7 17. Qf3 Bg5 18. O-O Qf6 19. Rae1 Kd8 20. d6 Rc8 21. Qb7 Rb8 22. Qc7+ Ke8 23. Nxe5 1-0


[Site "https://www.chess.com"]

[Event "Titled Tuesday Blitz June 20 Early 2023"]
[White "Ziegler, Ari"]
[Black "Jaracz, Pawel"]
[WhiteFideId "1700987"]
[BlackFideId "1102222"]
[WhiteElo "2288"]
[BlackElo "2454"]
[Result "1/2-1/2"]
[Round "2"]
[TimeControl "180+2"]
[Date "2023.06.20"]
[WhiteClock "0:00:17"]
[BlackClock "0:00:25"]
[Board "153"]

1. e4 d5 2. exd5 Qxd5 3. Nc3 Qa5 4. d4 c6 5. Bc4 Bf5 6. Nf3 e6 7. O-O Nd7 8. Qe2 Be7 9. Ne5 Nxe5 10. dxe5 Bb4 11. Bd2 Ne7 12. a3 Bxc3 13. Bxc3 Qc7 14. Bb4 c5 15. Bb5+ Kf8 16. Bc3 Nd5 17. Bd3 Bxd3 18. cxd3 g6 19. Bd2 h6 20. Rac1 Kg7 21. b4 b6 22. Qe4 Rac8 23. h4 Qd7 24. bxc5 Rxc5 25. Rxc5 bxc5 26. h5 Ne7 27. hxg6 fxg6 28. Rb1 Rc8 29. Rb7 Rc7 30. Rxc7 Qxc7 31. Qf4 Nf5 32. g4 g5 33. Qe4 Nd4 34. f4 gxf4 35. Bxf4 Qf7 36. Kg2 h5 37. Bg5 Qg6 38. Bf6+ Kh6 39. g5+ Kh7 40. Qb7+ Kg8 41. Qc8+ Kf7 42. Qd7+ Kf8 43. Qd6+ Kg8 44. Qd8+ Kf7 45. Qe7+ Kg8 46. Qd8+ Kf7 47. Qe7+ Kg8 48. Qd8+ 1/2-1/2


[Site "https://www.chess.com"]

[Event "Titled Tuesday Blitz June 20 Early 2023"]
[White "Guha, Eshan"]
[Black "Haug, Havard"]
[WhiteFideId "30958628"]
[BlackFideId "1547887"]
[WhiteElo "2360"]
[BlackElo "2396"]
[Result "1/2-1/2"]
[Round "2"]
[TimeControl "180+2"]
[Date "2023.06.20"]
[WhiteClock "0:00:02"]
[BlackClock "0:00:09"]
[Board "154"]

1. d4 d5 2. c4 e6 3. Nf3 c5 4. cxd5 exd5 5. g3 Nf6 6. Bg2 Nc6 7. O-O Be7 8. Nc3 Bf8 9. Bg5 Be7 10. dxc5 d4 11. Bxf6 Bxf6 12. Ne4 O-O 13. Qd2 Bf5 14. Nd6 Qd7 15. Rad1 Be6 16. b4 a6 17. a4 Rab8 18. b5 axb5 19. axb5 Na7 20. Nxd4 Bxd4 21. Qxd4 Nxb5 22. Qb4 Na7 23. Qb6 Nc8 24. Nxc8 Qxc8 25. Rd6 Qe8 26. Rb1 Bf5 27. Rb2 Be4 28. Bxe4 Qxe4 29. c6 Qe5 30. c7 Rbc8 31. Rd8 Qxc7 32. Rxf8+ Kxf8 33. Qxb7 g6 34. Qxc7 Rxc7 35. Kg2 Kg7 36. Kf3 Re7 37. e3 Re6 38. g4 g5 39. Rb5 h6 40. Kg3 Re7 41. h4 Kg6 42. Rb6+ Kg7 43. h5 Re4 44. Kf3 Re5 45. Rb4 Re6 46. Re4 Rf6+ 47. Kg3 Rb6 48. Rd4 Rb3 49. Kf3 Rb6 50. Rd5 Rf6+ 51. Kg3 Rb6 52. f3 Rb3 53. e4 Ra3 54. Rc5 Rb3 55. Rc6 Rb5 56. Rc3 Ra5 57. f4 gxf4+ 58. Kxf4 Rb5 59. Rc4 Rb1 60. Kf3 Rf1+ 61. Kg3 Re1 62. Kf3 Rb1 63. Rc3 Rb4 64. Ke3 Ra4 65. Kf4 Ra5 66. Rd3 Ra1 67. Re3 Rb1 68. Rd3 Ra1 69. Rf3 Rb1 70. Re3 Ra1 71. Rf3 Kf6 72. Kg3+ Ke6 73. Kh4 Rg1 74. Rf2 f6 75. Kh3 Ke5 76. Rf5+ Ke6 77. Rf3 Re1 78. Rf4 Re3+ 79. Kg2 Re2+ 80. Kf3 Rb2 81. Kg3 Rb3+ 82. Rf3 Rb4 83. Rf4 Rc4 84. Kf3 Rc3+ 85. Kg2 Rb3 86. Rf3 Rb4 87. Rf4 Rb5 88. Rf3 Rg5 89. Kg3 Rb5 90. Rf5 Rb3+ 91. Rf3 Rb4 92. Re3 Rc4 93. Kf3 Rc1 94. Kg3 Rf1 95. Rf3 Rg1+ 96. Kh3 Re1 97. Rf4 Re3+ 98. Kg2 Rd3 99. Rf3 Rd4 100. Re3 Rd1 101. Kg3 Ke5 102. Rf3 Rd6 103. Re3 Rc6 104. Kf3 Rb6 1/2-1/2


[Site "https://www.chess.com"]

[Event "Titled Tuesday Blitz June 20 Early 2023"]
[White "Korchmar, Vasiliy"]
[Black "Spichkin, Alexander"]
[WhiteFideId "24131750"]
[BlackFideId "4144074"]
[WhiteElo "2370"]
[BlackElo "1986"]
[Result "0-1"]
[Round "2"]
[TimeControl "180+2"]
[Date "2023.06.20"]
[WhiteClock "0:00:57"]
[BlackClock "0:01:31"]
[Board "155"]

1. e4 e5 2. Nf3 d5 3. d4 dxe4 4. Nxe5 Bd6 5. Nc4 Nf6 6. Be2 O-O 7. O-O Nc6 8. Bg5 Nxd4 9. Nc3 Bf5 10. Kh1 Nc6 11. Nd5 Be7 12. Nxe7+ Qxe7 13. Ne3 Bg6 14. Nd5 Qe6 15. Bxf6 gxf6 16. Nxc7 Qe5 17. Nxa8 Rxa8 18. c3 Rd8 19. Qb3 b6 20. Qb5 Qc7 21. Rad1 Re8 22. Qa4 Re7 23. Qc4 f5 24. b4 Ne5 25. Qd4 f4 26. Bb5 f3 27. g3 Kg7 28. c4 Qc8 29. c5 Qh3 30. Rg1 f6 31. Bf1 Qe6 32. h3 bxc5 33. bxc5 Nd3 34. Bxd3 Qxh3# 0-1


[Site "https://www.chess.com"]

[Event "Titled Tuesday Blitz June 20 Early 2023"]
[White "Kotepalli, Sai Nirupama"]
[Black "Koellner, Ruben Gideon"]
[WhiteFideId "5039444"]
[BlackFideId "12993093"]
[WhiteElo "2352"]
[BlackElo "2314"]
[Result "1-0"]
[Round "2"]
[TimeControl "180+2"]
[Date "2023.06.20"]
[WhiteClock "0:00:11"]
[BlackClock "0:00:15"]
[Board "156"]

1. e4 d6 2. d3 Nf6 3. Nf3 e5 4. g3 Be7 5. Bg2 O-O 6. O-O c5 7. c3 Nc6 8. a3 b5 9. b4 a5 10. bxc5 dxc5 11. Be3 Be6 12. Qc2 b4 13. axb4 axb4 14. Rxa8 Qxa8 15. Nbd2 Qa6 16. Ng5 Bd7 17. Nc4 Rb8 18. Rb1 Qc8 19. f4 Qc7 20. Nf3 Be6 21. Ncxe5 Nxe5 22. Nxe5 b3 23. Qd2 c4 24. dxc4 Bxc4 25. Qd4 Be6 26. f5 Bc8 27. Nd3 Ba6 28. Bf4 Qc8 29. Bxb8 Qxb8 30. Nc5 Bxc5 31. Qxc5 Bd3 32. Rb2 Bc2 33. e5 Ng4 34. e6 fxe6 35. fxe6 Nf6 36. e7 Kf7 37. Bc6 Qc8 38. Bd5+ Nxd5 39. Qxc8 Nxe7 40. Qc4+ Kf6 41. Rxb3 Bxb3 42. Qxb3 Ke5 43. Qb5+ Kd6 44. c4 h6 45. c5+ Kd5 46. Qb6 Nc6 47. Kf2 g6 48. g4 g5 49. h3 Nd4 50. Qd6+ Ke4 51. Qxd4+ Kxd4 52. c6 Ke5 53. c7 h5 54. c8=Q hxg4 55. Qxg4 Kf6 56. Kf3 Kg6 57. Ke4 Kh6 58. Kf5 Kg7 59. Qxg5+ Kh8 60. Qe7 Kg8 61. Kf6 Kh8 62. Qg7# 1-0


[Site "https://www.chess.com"]

[Event "Titled Tuesday Blitz June 20 Early 2023"]
[White "Fernandez Siles, Luis"]
[Black "Zochowski, Kacper"]
[WhiteFideId "2209420"]
[BlackFideId "1125494"]
[WhiteElo "2195"]
[BlackElo "2235"]
[Result "1-0"]
[Round "2"]
[TimeControl "180+2"]
[Date "2023.06.20"]
[WhiteClock "0:00:55"]
[BlackClock "0:02:05"]
[Board "157"]

1. e4 d6 2. Nc3 Nf6 3. f4 e5 4. Nf3 d5 5. Nxe5 dxe4 6. Bc4 Be6 7. Qe2 Bd6 8. Bxe6 fxe6 9. Nxe4 O-O 10. Ng5 Bxe5 11. fxe5 Qd5 12. c4 Qa5 13. b4 Qxb4 14. exf6 Rxf6 15. Qe4 g6 16. Rb1 Qc5 17. d4 Qa5+ 18. Bd2 Qxa2 19. Qxb7 Kg7 20. Qxc7+ Kh8 21. Qd8+ Kg7 22. Qe7+ Kh6 23. Qxh7# 1-0


[Site "https://www.chess.com"]